 Dungeon Crawl Stone Soup version 0.20.0-4-g10b340a (webtiles) character file.

63 mopl the Sneak (level 4, -1/39 HPs)
             Began as a Naga Assassin on May 27, 2017.
             Slain by an orc wizard
             ... wielding a +2 dagger of freezing
              (6 damage)
             ... on level 2 of the Dungeon.
             The game lasted 00:02:19 (1037 turns).

mopl the Sneak (Naga Assassin)                      Turns: 1037, Time: 00:02:20

Health: -1/39      AC:  4    Str: 13    XL:     4   Next: 9%
Magic:  0/4        EV:  9    Int: 12    God:
Gold:   77         SH:  0    Dex: 13    Spells: 3/3 levels left

rFire    . . .     SeeInvis +   b - +0 blowgun
rCold    . . .     Gourm    .   (no shield)
rNeg     . . .     Faith    .   c - +0 robe
rPois    +         Spirit   +   k - +0 helmet
rElec    .         Reflect  .   d - +0 cloak
rCorr    .         Harm     .   (no gloves)
MR       .....                  (no barding)
Stlth    ++........             r - amulet of guardian spirit
Regen    0.2/turn               h - ring of loudness (curse)
MPRegen  0.1/turn               (no ring)

@: short of breath, very slow
A: see invisible, deformed body, poison resistance, slowness 2, slow metabolism
1, spit poison 1, AC +1
a: Spit Poison


You were on level 2 of the Dungeon.
You were not hungry.

You visited 1 branch of the dungeon, and saw 2 of its levels.

You collected 77 gold pieces.

Inventory:

Hand Weapons
 a - a +2 dagger
 b - a +0 blowgun (weapon)
Missiles
 e - 6 poisoned needles
 f - a curare-tipped needle (quivered)
Armour
 c - a +0 robe (worn)
 d - a +0 cloak (worn)
 k - a +0 helmet (worn)
Jewellery
 h - a cursed ring of loudness (left hand)
 r - an amulet of guardian spirit (around neck)
Scrolls
 i - 3 scrolls of identify {unknown}
 j - a scroll of recharging {unknown}
 m - a scroll of remove curse {unknown}
 n - a scroll of magic mapping {unknown}
 p - 2 scrolls of teleportation {unknown}
 s - a scroll of enchant armour {unknown}
 u - a scroll of enchant weapon {unknown}
Potions
 q - a potion of might {unknown}
Comestibles
 g - a bread ration
 l - a meat ration
 o - 2 chunks of flesh
 t - 4 fruits


   Skills:
 - Level 2.0 Fighting
 + Level 2.7 Short Blades
 + Level 2.5 Throwing
 - Level 0.7 Dodging
 * Level 7.0 Stealth


You had 3 spell levels left.
You didn't know any spells.

Dungeon Overview and Level Annotations

Branches:
Dungeon (2/15)

Altars:
Cheibriados
Elyvilon


Innate Abilities, Weirdness & Mutations

You cannot wear boots.
Your serpentine skin is tough. (AC +1)
You have supernaturally acute eyesight. (SInv)
Armour fits poorly on your strangely shaped body.
Your system is resistant to poisons. (rPois)
You cover ground very slowly.
You have a slow metabolism.
You can spit poison.


Message History

The orc wizard hits you with a dagger of freezing.
* * * LOW HITPOINT WARNING * * *
The orc wizard freezes you.
* * * LOW HITPOINT WARNING * * *
Unknown command.
b - a +0 blowgun (weapon)
The orc wizard hits you with a dagger of freezing.
* * * LOW HITPOINT WARNING * * *
The orc wizard freezes you.
* * * LOW HITPOINT WARNING * * *
Unknown command.
Firing (i - inventory. (,) - cycle):
f - 2 curare-tipped needles (quivered)
Press: ? - help, Shift-Dir - straight line, f/p - orc wizard
Aim: an orc wizard, wielding a dagger of freezing and wearing a robe (heavily wounded, fast)
You shoot a curare-tipped needle.
The curare-tipped needle barely misses the orc wizard.
The curare-tipped needle barely misses the orc.
You kill the orc!
The orc wizard hits you with a dagger of freezing.
You die...

##.##.### ###### #...$.... #
......####.....### #
.........(.....#.. #
#.......#......#.# #
#.8...8.#......#.# #
#.......#....#.#.# ###.######
#.....oo#....#.#.# #..#......
#......o#...##.#@# #.#.###...
#.8...8.#..o.o.#o##### #.#.#.....
#......(#..###.†o....###..#......
##.....##..# ###.###.....###.....


#ooo ##..# #.# ###....#...... .#######...# #.####.....†...... .........#.#
#(..........###### ####.#####.# ####........# #.# #.# #........###### You could
see an orc wizard and an orc.

Vanquished Creatures
  2 adders (D:2)
  2 dart slugs
  An orc (D:2)
  2 bats (D:2)
  A giant cockroach (D:1)
  8 goblins (D:1)
  6 hobgoblins
  3 kobolds
  15 rats
40 creatures vanquished.

Notes
Turn   | Place    | Note
-------+----------+-------------------------------------------
     0 | D:1      | mopl the Naga Assassin began the quest for the Orb.
     0 | D:1      | Reached XP level 1. HP: 19/19 MP: 1/1
    15 | D:1      | Reached skill level 2 in Throwing
    20 | D:1      | Reached skill level 6 in Stealth
    33 | D:1      | Reached XP level 2. HP: 14/26 MP: 2/2
   468 | D:1      | Reached XP level 3. HP: 22/32 MP: 3/3
   709 | D:2      | Found a snail-covered altar of Cheibriados.
   730 | D:2      | Found a white marble altar of Elyvilon.
   839 | D:2      | Reached skill level 7 in Stealth
   904 | D:2      | Reached XP level 4. HP: 39/39 MP: 4/4
  1037 | D:2      | Slain by an orc wizard

Skill      XL: |  1  2  3 |
---------------+----------+-----
Throwing       | 2 |  2.5
Stealth        | 6 7 |  7.0
Fighting       | |  2.0
Short Blades   | |  2.7
Dodging        | |  0.7

Action                   |  1- 3 |  4- 6 || total
-------------------------+-------+-------++-------
Melee: Dagger            |   114 |    16 ||   130
 Fire: Blowgun           |       |     3 ||     3
 Abil: Spit Poison       |     1 |     2 ||     3
 Stab: Sleeping          |     7 |       ||     7
Armor: Robe              |    31 |     1 ||    32
Dodge: Dodged            |    48 |    11 ||    59
